 Dungeon Crawl Stone Soup version 0.28-a0-445-g51f8dfeb47 (webtiles) character file.

Game seed: 5091910603120641679

42 Dabor the Skirmisher (level 3, 0/29 HPs)
             Began as a Demonspawn Monk on Sept 13, 2021.
             Slain by an orc (2 damage)
             ... on level 3 of the Dungeon.
             The game lasted 00:07:50 (2828 turns).

Dabor the Skirmisher (Demonspawn Monk)              Turns: 2828, Time: 00:07:51

Health: 0/29       AC:  5    Str: 11    XL:     3   Next: 35%
Magic:  4/4        EV: 10    Int: 11    God:
Gold:   110        SH:  3    Dex: 16    Spells: 2/2 levels left

rFire   . . .      SeeInvis .   (no weapon)
rCold   . . .      Faith    .   f - +0 buckler
rNeg    . . .      Spirit   .   k - +0 ring mail
rPois   .          Reflect  .   (helmet restricted)
rElec   .          Harm     .   (no cloak)
rCorr   .          Rampage  .   (no gloves)
Will    .....                   (no boots)
Stlth   +.........              (no amulet)
HPRegen 0.09/turn               (no ring)
MPRegen 0.09/turn               (no ring)

@: no status effects
A: claws 1, horns 1
a: no special abilities


You were on level 3 of the Dungeon.
You visited 1 branch of the dungeon, and saw 4 of its levels.

You collected 110 gold pieces.

Inventory:

Hand Weapons
 a - a +0 falchion
Armour
 b - a +0 robe
 f - a +0 buckler (worn)
 k - a +0 ring mail (worn)
Scrolls
 e - a scroll of acquirement {unknown}
 h - a scroll of fear {unknown}
 l - a scroll of noise {unknown}
Potions
 d - a potion of attraction {unknown}
 g - a potion of might {unknown}
 i - 2 potions of heal wounds {unknown}
 j - a potion of curing {unknown}
 m - a potion of invisibility {unknown}
 n - a potion of brilliance {unknown}
 o - a potion of lignification {unknown}


   Skills:
 + Level 3.4 Fighting
 - Level 3.0 Long Blades
 + Level 3.1 Dodging
 - Level 2.0 Stealth
 + Level 0.1 Unarmed Combat
 + Level 1.4 Invocations


You had 2 spell levels left.
You didn't know any spells.
Your spell library was empty.

Dungeon Overview and Level Annotations

Branches:
Dungeon (4/15)
 Temple: D:4-7

Altars:
Sif Muna

Annotations:
D:3 Crazy Yiuf


Innate Abilities, Weirdness & Mutations

You have sharp fingernails.
You have a pair of small horns on your head.


Message History

The orc appears confused.
The orc seems less confused.
You throw an atropa-tipped dart. The atropa-tipped dart hits the orc.
The orc appears confused.
The orc barely misses the orc.
The orc seems less confused.
The orc is no longer blind.
You throw an atropa-tipped dart.
The atropa-tipped dart closely misses the orc.
The orc closely misses you.
You throw an atropa-tipped dart.
The atropa-tipped dart closely misses the orc.
The atropa-tipped dart hits the orc.
The orc appears confused.
The orc hits you with a +0 whip.
The orc seems less confused.
You throw an atropa-tipped dart.
The atropa-tipped dart closely misses the orc.
The atropa-tipped dart barely misses the black bear.
The orc barely misses you. x2
You throw an atropa-tipped dart. The atropa-tipped dart hits the orc.
The orc appears confused.
The orc is no longer blind.
The orc seems less confused.
Found a stone staircase leading up.
The orc is no longer blind.
There is a stone staircase leading up here.
The orc hits you with a +0 whip.
You climb upwards.
Level annotation: Crazy Yiuf The goblin shouts!
You hear a shout! x2
There is a stone staircase leading down here.
You scratch the orc.
The orc is moderately wounded.
The orc hits you with a +0 whip.
* * * LOW HITPOINT WARNING * * *
You scratch the orc but do no damage.
The orc is moderately wounded.
The orc hits you with a +0 whip.
* * * LOW HITPOINT WARNING * * *
You scratch the orc.
The orc is heavily wounded.
The orc hits you with a +0 whip.
You die...

#.# ##'## #####
###.#### ##...##
)......# ##.....##
###..#.# ##.......##
###....###.........#
#........'.........+
#.......##.........#
#..#.#..###....g..##
#..###..# ##....@##
... ...# ##..o## #
....# ##'## ######
#.. #.# #.# #.# .#


You could see an orc and a goblin.

Vanquished Creatures
  An adder (D:3)
  2 dart slugs
  4 ball pythons
  A giant cockroach (D:1)
  7 goblins
  6 hobgoblins
  A quokka (D:3)
  A bat (D:2)
  2 frilled lizards (D:1)
  A kobold (D:2)
  A rat (D:1)
27 creatures vanquished.

Notes
Turn   | Place    | Note
-------+----------+-------------------------------------------
     0 | D:1      | Dabor the Demonspawn Monk began the quest for the Orb.
     0 | D:1      | Reached XP level 1. HP: 18/18 MP: 1/1
   143 | D:1      | Found a faded altar of an unknown god.
   202 | D:1      | Became a worshipper of Sif Muna the Loreminder
   202 | D:1      | Reached * piety under Sif Muna
   202 | D:1      | Reached ** piety under Sif Muna
   212 | D:1      | Fell from the grace of Sif Muna
   699 | D:1      | Gained mutation: You have a pair of small horns on your
                  | head. [demonic ancestry]
   699 | D:1      | Reached XP level 2. HP: 9/24 MP: 2/2
  2286 | D:3      | Reached skill level 1 in Invocations
  2373 | D:3      | Gained mutation: You have sharp fingernails. [demonic
                  | ancestry]
  2373 | D:3      | Reached XP level 3. HP: 10/29 MP: 3/3
  2750 | D:3      | Found a runed translucent door.
  2751 | D:3      | Noticed Crazy Yiuf
  2792 | D:4      | Noticed a black bear
  2828 | D:3      | Slain by an orc

Illustrated notes

Levels and vault maps discovered:
D:1:      amcnicky_arrival_blooded_trapdoor, layout_basic,
          chequers_ecumenical_altar_simple, minmay_misc_feat_more_columns,
          serial_bayou_ford_a
D:2:      layout_basic, kennysheep_another_room, minmay_hedge_maze
D:3:      layout_loops_corners, uniq_crazy_yiuf_cottage, uniq_robin, uniq_ijyb
D:4:      layout_basic, enter_ossuary_2, portal_sewer_entry_b,
          kennysheep_generic_room_11, uniq_blork_the_orc, uniq_eustachio

Skill      XL: |  1  2 |
---------------+-------+-----
Stealth        | 2 |  2.0
Dodging        | 3 |  3.1
Invocations    | 1 |  1.4
Long Blades    | 3 |  3.0
Fighting       | |  3.4
Unarmed Combat | |  0.1

Action                   || total
-------------------------++-------
Melee: Falchion          ||    64
       Headbutt          ||    11
       Unarmed           ||    16
Throw: Dart              ||    16
Invok: Renounce Religion ||     1
 Stab: Sleeping          ||     4
       Invisible         ||     2
Armor: Robe              ||     4
       Ring mail         ||    16
Dodge: Dodged            ||    33
Block: Buckler           ||     9

Table legend: (Time is in decaauts)
 A = Elapsed time spent in this place.
 B = Non-inter-level travel time spent in this place.
 C = Inter-level travel time spent in this place.
 D = Time resting spent in this place.
 E = Time spent auto-exploring this place.
 F = Levels seen in this place.
 G = Mean time per level.
                   A        B        C        D        E       F      G
               +--------+--------+--------+--------+--------+-----+--------+
         Total |   2851 |   2836 |     15 |    333 |   1739 |   4 |  712.8 |
       Dungeon |   2851 |   2836 |     15 |    333 |   1739 |   4 |  712.8 |
               +--------+--------+--------+--------+--------+-----+--------+

Top non-repeatable levels by time:
     D:1: 1326 daAuts
     D:2: 963 daAuts
     D:3: 526 daAuts
     D:4: 35 daAuts
